Nashville Predators vs Arizona Coyotes
Created - Thursday, September 19, 2024 at 06:17
Goals
|
| Nashville Predators |
1 |
0 |
0 |
1 |
| Arizona Coyotes |
0 |
0 |
4 |
4 |
|
Shots
|
| Nashville Predators |
10 |
9 |
18 |
37 |
| Arizona Coyotes |
8 |
7 |
17 |
32 |
|
1st period
1. Nashville Predators , Colton Sissons 12 (Pius Suter 10, Anthony Stolarz) at 13:42 (PP)
Penalties :
Max Pacioretty (NSH) for Roughing (Minor) at 0:23, Radko Gudas (AZC) for Roughing (Minor) at 13:00, Parker Wotherspoon (NSH) for Holding (Minor) at 14:13
2nd period
No Goal
Penalties :
Michael Carcone (NSH) for Cross-checking (Minor) at 5:28, Radko Gudas (AZC) for Holding (Minor) at 10:27, Jani Hakanpaa (AZC) for Tripping (Minor) at 12:52, Colton Sissons (NSH) for Tripping (Minor) at 13:00
3rd period
2. Arizona Coyotes , Erik Haula 8 (Mason McTavish 12) at 4:49
3. Arizona Coyotes , Ondrej Palat 1 (Jakob Silfverberg 3, Jared Spurgeon 15) at 7:51
4. Arizona Coyotes , Mats Zuccarello 10 (Anthony Deangelo 2, Tyler Seguin 10) at 10:42
5. Arizona Coyotes , Ross Colton 6 (Ryan Donato 6, Zach Parise 3) at 15:33
Penalties :
Matt Dumba (AZC) for Fighting (Major) at 8:29, Simon Benoit (NSH) for Fighting (Major) at 8:29
Goalie Stats
Anthony Stolarz (NSH), 28 saves from 32 shots - (0.875), L, 4-7-1, 60:00 minutes
Petr Mrazek (AZC), 36 saves from 37 shots - (0.973), W, 8-9-3, 60:00 minutes
Players Stats for Nashville Predators
Player Name G A P +/- PIM S H SB GA TA FO MP PP MP PK MP
------------------------------------------------------------------------------------
Artem Zub 0 0 0 0 0 0 1 1 0 1 0/0 24:53 1:42 3:19
Brett Leason 0 0 0 -2 0 1 2 1 0 0 2/2 17:25 0:55 2:57
Colton Sissons 1 0 1 0 2 4 1 0 2 0 6/12 17:34 1:53 2:49
Dante Fabbro 0 0 0 -1 0 4 1 1 1 0 0/0 20:08 1:00 2:50
Jack Drury 0 0 0 0 0 3 2 0 1 0 6/9 11:23 0:00 0:28
Jordan Harris 0 0 0 -1 0 2 0 2 0 1 0/0 18:11 1:07 0:36
Leo Carlsson 0 0 0 -2 0 3 0 0 0 0 0/1 15:29 0:55 0:00
Mattias Samuelsson 0 0 0 0 0 0 1 0 0 1 0/0 17:19 0:00 0:00
Max Pacioretty 0 0 0 0 2 3 0 0 1 0 0/0 14:55 1:54 0:00
Michael Carcone 0 0 0 0 2 1 0 0 0 0 0/1 9:48 0:00 0:00
Parker Wotherspoon 0 0 0 -3 2 1 0 0 1 2 0/0 21:12 1:49 2:10
Pius Suter 0 1 1 0 0 1 3 0 2 0 0/1 18:26 1:54 2:48
Ryan Johansen 0 0 0 -2 0 1 1 2 1 0 6/12 12:19 0:00 0:00
Simon Benoit 0 0 0 -3 5 4 2 1 0 0 0/0 17:07 0:00 3:15
Thomas Novak 0 0 0 -2 0 1 0 0 0 0 5/15 13:32 0:00 0:00
Tyson Foerster 0 0 0 -2 0 3 4 1 0 1 0/3 18:20 0:55 2:48
Zach Benson 0 0 0 -2 0 3 1 0 1 0 1/2 14:13 0:00 0:20
Zemgus Girgensons 0 0 0 0 0 2 1 0 0 1 0/1 9:45 0:00 0:00
Players Stats for Arizona Coyotes
Player Name G A P +/- PIM S H SB GA TA FO MP PP MP PK MP
------------------------------------------------------------------------------------
Anthony Deangelo 0 1 1 2 0 2 0 0 0 2 0/0 13:38 0:00 1:28
Brandon Tanev 0 0 0 1 0 0 0 0 0 0 2/3 14:18 2:51 0:13
Brayden McNabb 0 0 0 0 0 3 2 2 0 1 0/0 22:11 3:08 1:26
Charlie Coyle 0 0 0 1 0 4 2 0 0 1 17/27 22:49 2:59 1:18
Erik Haula 1 0 1 1 0 4 4 0 1 0 0/0 14:14 2:58 0:00
Jakob Silfverberg 0 1 1 1 0 0 1 1 0 0 0/2 9:44 0:00 0:00
Jani Hakanpaa 0 0 0 2 2 0 1 1 0 0 0/0 23:45 2:57 1:02
Jared Spurgeon 0 1 1 2 0 0 1 0 0 0 0/0 26:10 2:57 1:10
Mark Jankowski 0 0 0 1 0 0 1 2 1 0 3/4 9:44 0:00 0:00
Mason McTavish 0 1 1 1 0 0 2 1 0 1 6/14 16:43 2:59 1:18
Mats Zuccarello 1 0 1 1 0 4 0 1 0 1 2/2 22:49 2:59 1:18
Matt Dumba 0 0 0 1 5 1 0 1 0 0 0/0 12:20 0:08 0:32
Ondrej Palat 1 0 1 1 0 1 1 0 1 0 0/0 9:44 0:00 0:00
Radko Gudas 0 0 0 1 4 1 1 0 0 0 0/0 22:27 3:08 0:00
Ross Colton 1 0 1 1 0 3 3 0 1 1 2/2 10:30 0:07 0:00
Ryan Donato 0 1 1 1 0 2 1 2 1 1 0/0 10:30 0:07 0:00
Tyler Seguin 0 1 1 1 0 3 5 0 2 1 0/4 23:06 3:07 1:18
Zach Parise 0 1 1 1 0 4 2 0 0 1 1/1 10:34 0:00 0:13
3 Stars
1 - Petr Mrazek (AZC)
2 - Erik Haula (AZC)
3 - Ross Colton (AZC)
Power Play
Nashville Predators - 1 on 3 Attempt(s) - 33.33%
Arizona Coyotes - 0 on 4 Attempt(s) - 0.00%
Penalty Kill
Nashville Predators - 4 on 4 Attempt(s) - 100.00%
- Score 0 goal in Penalty Kill
Arizona Coyotes - 2 on 3 Attempt(s) - 66.67%
- Score 0 goal in Penalty Kill
Team Stat
Nashville Predators - Hits : 20 - Faceoff Wins : 26 - Blocked Shots : 9 - Penalty Minutes : 13
Arizona Coyotes - Hits : 27 - Faceoff Wins : 33 - Blocked Shots : 11 - Penalty Minutes : 11
Official
Referees : Peter Macdougall and Brian Pochmara
Linesman : Devin Berg and Libor Suchanek
Game Notes
Matt Dumba beats up Simon Benoit at 8:29 of 3rd period
Finance
Level 1 -- Attendance: 5731 (95.52%) -- Ticket Income $532,983
Level 2 -- Attendance: 4384 (87.68%) -- Ticket Income $227,968
Level 3 -- Attendance: 2872 (95.73%) -- Ticket Income $86,160
Level 4 -- Attendance: 4806 (96.12%) -- Ticket Income $96,120
Luxury Box -- Attendance: 952 (95.20%) -- Ticket Income $183,736
Game was played at the Gila River Arena.
Total Attendance: 18745 (93.73%)
Total Ticket Income: $1,126,967
Other Income: $394,438
Total Income: $1,521,405
Nashville Predators
5 vs 5 Forward
Center Left Wing Right Wing Time % Phy DF OF
1 Colton Sissons Max Pacioretty Pius Suter 27 1 2 2
2 Thomas Novak Tyson Foerster Leo Carlsson 27 0 2 3
3 Ryan Johansen Brett Leason Zach Benson 25 0 2 3
4 Jack Drury Zemgus Girgensons Michael Carcone 21 1 2 2
5 vs 5 Defense
Defense Defense Time % Phy DF OF
1 Artem Zub Mattias Samuelsson 35 1 3 1
2 Parker Wotherspoon Simon Benoit 35 1 3 1
3 Jordan Harris Dante Fabbro 30 1 3 1
4 Dante Fabbro Jordan Harris 0 1 3 1
PowerPlay Forward
Center Left Wing Right Wing Time % Phy DF OF
1 Colton Sissons Max Pacioretty Pius Suter 50 1 1 3
2 Tyson Foerster Brett Leason Leo Carlsson 50 1 1 3
PowerPlay Defense
Defense Defense Time % Phy DF OF
1 Dante Fabbro Artem Zub 50 1 1 3
2 Jordan Harris Parker Wotherspoon 50 2 2 1
Penalty Kill 4 Players Forward
Center Wing Time % Phy DF OF
1 Colton Sissons Brett Leason 50 1 2 2
2 Tyson Foerster Pius Suter 50 1 2 2
Penalty Kill 4 Players Defense
Defense Defense Time % Phy DF OF
1 Dante Fabbro Artem Zub 50 2 2 1
2 Simon Benoit Parker Wotherspoon 50 1 2 2
Penalty Kill - 3 Players Forward
Forward Time % Phy DF OF
1 Colton Sissons 50 1 2 2
2 Pius Suter 50 1 2 2
Penalty Kill - 3 Players Defense
Defense Defense Time % Phy DF OF
1 Jordan Harris Artem Zub 50 1 2 2
2 Parker Wotherspoon Simon Benoit 50 1 2 2
4 vs 4 Forward
Center Wing Time % Phy DF OF
1 Colton Sissons Tyson Foerster 50 1 2 2
2 Pius Suter Brett Leason 50 1 2 2
4 vs 4 Defense
Defense Defense Time % Phy DF OF
1 Artem Zub Jordan Harris 50 2 2 1
2 Dante Fabbro Parker Wotherspoon 50 1 2 2
Last Minutes Offensive
Center Left Wing Right Wing Defense Defense
Colton Sissons Pius Suter Tyson Foerster Dante Fabbro Jordan Harris
Last Minutes Defensive
Center Left Wing Right Wing Defense Defense
Colton Sissons Pius Suter Brett Leason Mattias Samuelsson Artem Zub
Goaltenders
Starting : Anthony Stolarz
Backup : Semyon Varlamov
Extra Forwards
Normal : Leo Carlsson, Zach Benson, Colton Sissons - PP : Tyson Foerster, Pius Suter - PK : Jack Drury
Extra Defensemen
Normal : Artem Zub, Dante Fabbro, Jordan Harris - PP : Parker Wotherspoon - PK : Jordan Harris, Dante Fabbro
Penalty Shots
Thomas Novak, Leo Carlsson, Pius Suter, Colton Sissons, Max Pacioretty
Scratches
Kevin Labanc (Healthy), Henri Jokiharju (Healthy), Jakub Voracek (Healthy), Josh Doan (Strained Right Knee Injury), Mads Sogaard (Healthy)
Arizona Coyotes
5 vs 5 Forward
Center Left Wing Right Wing Time % Phy DF OF
1 Charlie Coyle Mats Zuccarello Tyler Seguin 40 0 2 3
2 Mason McTavish Erik Haula Brandon Tanev 30 0 2 3
3 Ross Colton Zach Parise Ryan Donato 20 1 3 1
4 Mark Jankowski Jakob Silfverberg Ondrej Palat 10 1 3 1
5 vs 5 Defense
Defense Defense Time % Phy DF OF
1 Jared Spurgeon Jani Hakanpaa 40 1 3 1
2 Radko Gudas Brayden McNabb 35 1 3 1
3 Matt Dumba Anthony Deangelo 25 1 3 1
4 Jared Spurgeon Jani Hakanpaa 0 1 2 2
PowerPlay Forward
Center Left Wing Right Wing Time % Phy DF OF
1 Charlie Coyle Mats Zuccarello Tyler Seguin 50 1 1 3
2 Mason McTavish Erik Haula Brandon Tanev 50 1 1 3
PowerPlay Defense
Defense Defense Time % Phy DF OF
1 Jared Spurgeon Jani Hakanpaa 50 1 3 1
2 Radko Gudas Brayden McNabb 50 1 1 3
Penalty Kill 4 Players Forward
Center Wing Time % Phy DF OF
1 Charlie Coyle Mats Zuccarello 50 1 3 1
2 Tyler Seguin Mason McTavish 50 1 3 1
Penalty Kill 4 Players Defense
Defense Defense Time % Phy DF OF
1 Jared Spurgeon Jani Hakanpaa 50 1 3 1
2 Radko Gudas Brayden McNabb 50 1 3 1
Penalty Kill - 3 Players Forward
Forward Time % Phy DF OF
1 Ross Colton 50 1 3 1
2 Mark Jankowski 50 1 3 1
Penalty Kill - 3 Players Defense
Defense Defense Time % Phy DF OF
1 Matt Dumba Radko Gudas 55 1 3 1
2 Anthony Deangelo Brayden McNabb 45 1 3 1
4 vs 4 Forward
Center Wing Time % Phy DF OF
1 Charlie Coyle Mats Zuccarello 50 1 1 3
2 Tyler Seguin Mason McTavish 50 1 1 3
4 vs 4 Defense
Defense Defense Time % Phy DF OF
1 Jared Spurgeon Jani Hakanpaa 50 1 3 1
2 Radko Gudas Brayden McNabb 50 1 3 1
Last Minutes Offensive
Center Left Wing Right Wing Defense Defense
Charlie Coyle Mats Zuccarello Tyler Seguin Jared Spurgeon Jani Hakanpaa
Last Minutes Defensive
Center Left Wing Right Wing Defense Defense
Charlie Coyle Mats Zuccarello Tyler Seguin Jared Spurgeon Jani Hakanpaa
Goaltenders
Starting : Petr Mrazek
Backup : Carter Hart
Extra Forwards
Normal : Ross Colton, Ryan Donato, Zach Parise - PP : Ross Colton, Ryan Donato - PK : Zach Parise
Extra Defensemen
Normal : Matt Dumba, Anthony Deangelo, Radko Gudas - PP : Matt Dumba - PK : Anthony Deangelo, Radko Gudas
Penalty Shots
Charlie Coyle, Mats Zuccarello, Tyler Seguin, Mason McTavish, Erik Haula
Scratches
Jayden Struble (Healthy), Ondrej Pavel (Healthy), Scott Reedy (Healthy), Elvis Merzlikins (Healthy)
% Time on Ice - Nashville Predators
Lines # - Real PCT - Wanted PCT - Time Play
Normal Forward
1 - 28% - 27% - 13:38
2 - 28% - 27% - 13:33
3 - 25% - 25% - 12:19
4 - 20% - 21% - 9:45
Normal Defense
1 - 36% - 35% - 17:38
2 - 35% - 35% - 17:13
3 - 29% - 30% - 14:24
4 - 0% - 0% - 0:00
PP Forward
1 - 67% - 50% - 1:54
2 - 33% - 50% - 0:55
PP Defense
1 - 36% - 50% - 1:00
2 - 64% - 50% - 1:49
PK Forward
1 - 54% - 50% - 3:17
2 - 46% - 50% - 2:48
PK Defense
1 - 44% - 50% - 2:42
2 - 56% - 50% - 3:23
PK3 Forward
1 - 0% - 50%
2 - 0% - 50%
PK3 Defense
1 - 0% - 50%
2 - 0% - 50%
44 Forward
1 - 58% - 50% - 1:04
2 - 42% - 50% - 0:47
44 Defense
1 - 62% - 50% - 1:09
2 - 38% - 50% - 0:42
Last Minute Offensive - 0:00
Last Minute Defensive - 0:00
Total
Forward - 60:00
Defense - 60:00
|
% Time on Ice - Arizona Coyotes
Lines # - Real PCT - Wanted PCT - Time Play
Normal Forward
1 - 35% - 40% - 17:29
2 - 24% - 30% - 11:42
3 - 21% - 20% - 10:20
4 - 20% - 10% - 9:44
Normal Defense
1 - 40% - 40% - 19:35
2 - 35% - 35% - 17:02
3 - 26% - 25% - 12:38
4 - 0% - 0% - 0:00
PP Forward
1 - 49% - 50% - 2:59
2 - 51% - 50% - 3:06
PP Defense
1 - 48% - 50% - 2:57
2 - 52% - 50% - 3:08
PK Forward
1 - 54% - 50% - 1:31
2 - 46% - 50% - 1:18
PK Defense
1 - 41% - 50% - 1:10
2 - 59% - 50% - 1:39
PK3 Forward
1 - 0% - 50%
2 - 0% - 50%
PK3 Defense
1 - 0% - 55%
2 - 0% - 45%
44 Forward
1 - 58% - 50% - 1:04
2 - 42% - 50% - 0:47
44 Defense
1 - 56% - 50% - 1:02
2 - 44% - 50% - 0:49
Last Minute Offensive - 0:00
Last Minute Defensive - 0:00
Total
Forward - 60:00
Defense - 60:00
|
Play-by-Play
1st period
0:01 of 1st period - Charlie Coyle wins face-off versus Pius Suter in neutral zone.
0:23 of 1st period - Minor Penalty to Max Pacioretty for Roughing.
0:24 of 1st period - Colton Sissons wins face-off versus Tyler Seguin in Nashville Predators zone.
0:33 of 1st period - Dante Fabbro is hit by Charlie Coyle and loses puck.
1:09 of 1st period - Brayden McNabb is hit by Simon Benoit and loses puck.
1:39 of 1st period - Dante Fabbro is hit by Brayden McNabb.
2:23 of 1st period - Penalty to Max Pacioretty is over, Max Pacioretty is back on ice.
3:00 of 1st period - Wrist shot by Ryan Donato.
3:00 of 1st period - Stopped by Anthony Stolarz with a rebound.
4:28 of 1st period - Mattias Samuelsson is hit by Jakob Silfverberg and loses puck.
5:31 of 1st period - Jakob Silfverberg is hit by Jack Drury.
5:48 of 1st period - Zemgus Girgensons is hit by Ross Colton and loses puck.
5:55 of 1st period - Ryan Donato is hit by Zemgus Girgensons and loses puck.
6:13 of 1st period - Artem Zub is hit by Ross Colton and loses puck.
6:51 of 1st period - Wrist shot by Ryan Donato.
6:51 of 1st period - Stopped by Anthony Stolarz without a rebound.
6:52 of 1st period - Mats Zuccarello wins face-off versus Thomas Novak in Nashville Predators zone.
7:59 of 1st period - Parker Wotherspoon is hit by Tyler Seguin and loses puck.
8:06 of 1st period - Tyler Seguin is hit by Dante Fabbro and loses puck.
8:14 of 1st period - Icing by Mats Zuccarello.
8:15 of 1st period - Colton Sissons wins face-off versus Mason McTavish in Arizona Coyotes zone.
8:47 of 1st period - Parker Wotherspoon is hit by Erik Haula and loses puck.
8:53 of 1st period - Icing by Brett Leason.
8:54 of 1st period - Charlie Coyle wins face-off versus Ryan Johansen in Nashville Predators zone.
9:13 of 1st period - Wrist shot by Zach Benson.
9:13 of 1st period - Stopped by Petr Mrazek with a rebound.
9:39 of 1st period - Slapshot by Ryan Johansen.
9:39 of 1st period - Shot Blocked by Brayden McNabb.
9:41 of 1st period - Snap shot by Zach Benson.
9:41 of 1st period - Stopped by Petr Mrazek with a rebound.
9:43 of 1st period - Snap shot by Simon Benoit.
9:43 of 1st period - Stopped by Petr Mrazek without a rebound.
9:44 of 1st period - Thomas Novak wins face-off versus Mason McTavish in Arizona Coyotes zone.
10:20 of 1st period - Wrist shot by Tyler Seguin.
10:20 of 1st period - Stopped by Anthony Stolarz with a rebound.
10:38 of 1st period - Mattias Samuelsson is hit by Ross Colton and loses puck.
10:55 of 1st period - Wrist shot by Thomas Novak.
10:55 of 1st period - Shot Misses the Net.
11:11 of 1st period - Slapshot by Ondrej Palat.
11:11 of 1st period - Shot Blocked by Jordan Harris.
11:13 of 1st period - Slapshot by Brayden McNabb.
11:13 of 1st period - Stopped by Anthony Stolarz without a rebound.
11:14 of 1st period - Colton Sissons wins face-off versus Jakob Silfverberg in Nashville Predators zone.
12:05 of 1st period - Snap shot by Ross Colton.
12:05 of 1st period - Shot Blocked by Dante Fabbro.
12:15 of 1st period - Snap shot by Thomas Novak.
12:15 of 1st period - Shot Misses the Net.
12:17 of 1st period - Wrist shot by Tyson Foerster.
12:17 of 1st period - Shot Misses the Net.
12:19 of 1st period - Wrist shot by Dante Fabbro.
12:19 of 1st period - Shot Misses the Net.
12:21 of 1st period - Slapshot by Dante Fabbro.
12:21 of 1st period - Stopped by Petr Mrazek with a rebound.
12:27 of 1st period - Slapshot by Thomas Novak.
12:27 of 1st period - Shot Blocked by Ryan Donato.
12:29 of 1st period - Slapshot by Dante Fabbro.
12:29 of 1st period - Stopped by Petr Mrazek with a rebound.
12:31 of 1st period - Wrist shot by Tyson Foerster.
12:31 of 1st period - Stopped by Petr Mrazek with a rebound.
12:33 of 1st period - Slapshot by Jordan Harris.
12:33 of 1st period - Shot Misses the Net.
12:39 of 1st period - Snap shot by Thomas Novak.
12:39 of 1st period - Shot Blocked by Matt Dumba.
12:41 of 1st period - Slapshot by Dante Fabbro.
12:41 of 1st period - Stopped by Petr Mrazek with a rebound.
12:51 of 1st period - Snap shot by Tyson Foerster.
12:51 of 1st period - Shot Misses the Net.
12:53 of 1st period - Wrist shot by Thomas Novak.
12:53 of 1st period - Shot Blocked by Ryan Donato.
12:55 of 1st period - Wrist shot by Leo Carlsson.
12:55 of 1st period - Stopped by Petr Mrazek with a rebound.
12:57 of 1st period - Snap shot by Jordan Harris.
12:57 of 1st period - Deflect By Thomas Novak.
12:57 of 1st period - Shot Misses the Net.
12:57 of 1st period - Puck is out of play.
12:58 of 1st period - Charlie Coyle wins face-off versus Ryan Johansen in Arizona Coyotes zone.
13:00 of 1st period - Minor Penalty to Radko Gudas for Roughing.
13:01 of 1st period - Charlie Coyle wins face-off versus Colton Sissons in Arizona Coyotes zone.
13:13 of 1st period - Snap shot by Colton Sissons.
13:13 of 1st period - Shot Misses the Net.
13:22 of 1st period - Icing by Artem Zub.
13:23 of 1st period - Colton Sissons wins face-off versus Tyler Seguin in Nashville Predators zone.
13:42 of 1st period - Slapshot by Colton Sissons.
13:42 of 1st period - Goal by Colton Sissons - Nashville Predators : 1 - Arizona Coyotes : 0.
13:43 of 1st period - Zach Benson wins face-off versus Charlie Coyle in neutral zone.
13:54 of 1st period - Snap shot by Charlie Coyle.
13:54 of 1st period - Stopped by Anthony Stolarz with a rebound.
13:56 of 1st period - Slapshot by Radko Gudas.
13:56 of 1st period - Shot Misses the Net.
13:58 of 1st period - Wrist shot by Mats Zuccarello.
13:58 of 1st period - Stopped by Anthony Stolarz without a rebound.
13:59 of 1st period - Brandon Tanev wins face-off versus Colton Sissons in Nashville Predators zone.
14:13 of 1st period - Minor Penalty to Parker Wotherspoon for Holding.
14:14 of 1st period - Charlie Coyle wins face-off versus Colton Sissons in Nashville Predators zone.
14:48 of 1st period - Snap shot by Mason McTavish.
14:48 of 1st period - Shot Misses the Net.
14:50 of 1st period - Slapshot by Brayden McNabb.
14:50 of 1st period - Stopped by Anthony Stolarz with a rebound.
15:18 of 1st period - Tyson Foerster is hit by Tyler Seguin and loses puck.
15:47 of 1st period - Artem Zub is hit by Tyler Seguin and loses puck.
16:13 of 1st period - Penalty to Parker Wotherspoon is over, Parker Wotherspoon is back on ice.
16:14 of 1st period - Snap shot by Jack Drury.
16:14 of 1st period - Shot Misses the Net.
16:16 of 1st period - Slapshot by Jack Drury.
16:16 of 1st period - Shot Misses the Net.
16:18 of 1st period - Slapshot by Simon Benoit.
16:18 of 1st period - Stopped by Petr Mrazek without a rebound.
16:19 of 1st period - Mason McTavish wins face-off versus Michael Carcone in Arizona Coyotes zone.
17:00 of 1st period - Snap shot by Ryan Donato.
17:00 of 1st period - Shot Blocked by Tyson Foerster.
17:02 of 1st period - Wrist shot by Zach Parise.
17:02 of 1st period - Stopped by Anthony Stolarz with a rebound.
17:04 of 1st period - Wrist shot by Ross Colton.
17:04 of 1st period - Shot Misses the Net.
17:20 of 1st period - Charlie Coyle is hit by Pius Suter and loses puck.
18:17 of 1st period - Icing by Brett Leason.
18:18 of 1st period - Mark Jankowski wins face-off versus Thomas Novak in Nashville Predators zone.
18:21 of 1st period - Snap shot by Ondrej Palat.
18:21 of 1st period - Shot Blocked by Simon Benoit.
18:45 of 1st period - Parker Wotherspoon is hit by Tyler Seguin and loses puck.
19:30 of 1st period - Colton Sissons is hit by Ryan Donato and loses puck.
19:49 of 1st period - Wrist shot by Leo Carlsson.
19:49 of 1st period - Shot Misses the Net.
Goals for this period are 1 for Nashville Predators vs 0 for Arizona Coyotes.
Shots for this period are 10 for Nashville Predators vs 8 for Arizona Coyotes.
2nd period
0:01 of 2nd period - Brett Leason wins face-off versus Charlie Coyle in neutral zone.
0:45 of 2nd period - Icing by Brayden McNabb.
0:46 of 2nd period - Charlie Coyle wins face-off versus Colton Sissons in Arizona Coyotes zone.
0:57 of 2nd period - Snap shot by Colton Sissons.
0:57 of 2nd period - Shot Blocked by Mason McTavish.
0:59 of 2nd period - Snap shot by Pius Suter.
0:59 of 2nd period - Stopped by Petr Mrazek without a rebound.
1:00 of 2nd period - Ryan Johansen wins face-off versus Mason McTavish in Arizona Coyotes zone.
1:57 of 2nd period - Wrist shot by Max Pacioretty.
1:57 of 2nd period - Stopped by Petr Mrazek with a rebound.
2:17 of 2nd period - Icing by Parker Wotherspoon.
2:18 of 2nd period - Jack Drury wins face-off versus Mark Jankowski in Nashville Predators zone.
2:27 of 2nd period - Snap shot by Jack Drury.
2:27 of 2nd period - Stopped by Petr Mrazek without a rebound.
2:28 of 2nd period - Ryan Johansen wins face-off versus Charlie Coyle in Arizona Coyotes zone.
3:36 of 2nd period - Backhand shot by Michael Carcone.
3:36 of 2nd period - Stopped by Petr Mrazek with a rebound.
3:38 of 2nd period - Snap shot by Jordan Harris.
3:38 of 2nd period - Shot Blocked by Mark Jankowski.
3:56 of 2nd period - Snap shot by Mats Zuccarello.
3:56 of 2nd period - Stopped by Anthony Stolarz with a rebound.
4:06 of 2nd period - Wrist shot by Mats Zuccarello.
4:06 of 2nd period - Shot Misses the Net.
4:38 of 2nd period - Jordan Harris is hit by Jani Hakanpaa and loses puck.
5:06 of 2nd period - Icing by Zemgus Girgensons.
5:07 of 2nd period - Charlie Coyle wins face-off versus Jack Drury in Nashville Predators zone.
5:28 of 2nd period - Minor Penalty to Michael Carcone for Cross-checking.
5:29 of 2nd period - Mason McTavish wins face-off versus Tyson Foerster in Nashville Predators zone.
7:28 of 2nd period - Penalty to Michael Carcone is over, Michael Carcone is back on ice.
8:33 of 2nd period - Jared Spurgeon is hit by Simon Benoit and loses puck.
9:22 of 2nd period - Snap shot by Mats Zuccarello.
9:22 of 2nd period - Shot Misses the Net.
9:24 of 2nd period - Snap shot by Zach Parise.
9:24 of 2nd period - Deflect By Artem Zub.
9:24 of 2nd period - Stopped by Anthony Stolarz with a rebound.
9:26 of 2nd period - Slapshot by Ryan Donato.
9:26 of 2nd period - Shot Misses the Net.
9:41 of 2nd period - Artem Zub is hit by Mason McTavish and loses puck.
9:56 of 2nd period - Wrist shot by Colton Sissons.
9:56 of 2nd period - Shot Blocked by Jakob Silfverberg.
10:02 of 2nd period - Brett Leason is hit by Ondrej Palat and loses puck.
10:22 of 2nd period - Wrist shot by Ryan Johansen.
10:22 of 2nd period - Shot Misses the Net.
10:24 of 2nd period - Slapshot by Jordan Harris.
10:24 of 2nd period - Stopped by Petr Mrazek without a rebound.
10:25 of 2nd period - Mason McTavish wins face-off versus Thomas Novak in Arizona Coyotes zone.
10:27 of 2nd period - Minor Penalty to Radko Gudas for Holding.
10:28 of 2nd period - Colton Sissons wins face-off versus Tyler Seguin in Arizona Coyotes zone.
10:56 of 2nd period - Leo Carlsson is hit by Brayden McNabb and loses puck.
12:17 of 2nd period - Snap shot by Zach Parise.
12:17 of 2nd period - Stopped by Anthony Stolarz without a rebound.
12:18 of 2nd period - Zach Parise wins face-off versus Tyson Foerster in Nashville Predators zone.
12:27 of 2nd period - Penalty to Radko Gudas is over, Radko Gudas is back on ice.
12:35 of 2nd period - Snap shot by Mark Jankowski.
12:35 of 2nd period - Shot Misses the Net.
12:52 of 2nd period - Minor Penalty to Jani Hakanpaa for Tripping.
12:53 of 2nd period - Colton Sissons wins face-off versus Tyler Seguin in Arizona Coyotes zone.
13:00 of 2nd period - Minor Penalty to Colton Sissons for Tripping.
13:01 of 2nd period - Charlie Coyle wins face-off versus Leo Carlsson in Nashville Predators zone.
13:02 of 2nd period - Wrist shot by Mats Zuccarello.
13:02 of 2nd period - Shot Misses the Net.
13:47 of 2nd period - Radko Gudas is hit by Tyson Foerster and loses puck.
14:13 of 2nd period - Icing by Jared Spurgeon.
14:14 of 2nd period - Charlie Coyle wins face-off versus Zach Benson in Arizona Coyotes zone.
14:37 of 2nd period - Charlie Coyle is hit by Pius Suter and loses puck.
14:52 of 2nd period - Penalty to Jani Hakanpaa is over, Jani Hakanpaa is back on ice.
15:00 of 2nd period - Penalty to Colton Sissons is over, Colton Sissons is back on ice.
15:00 of 2nd period - Snap shot by Mason McTavish.
15:00 of 2nd period - Deflect By Tyler Seguin.
15:00 of 2nd period - Stopped by Anthony Stolarz with a rebound.
15:12 of 2nd period - Parker Wotherspoon is hit by Tyler Seguin and loses puck.
15:21 of 2nd period - Snap shot by Jack Drury.
15:21 of 2nd period - Stopped by Petr Mrazek with a rebound.
15:23 of 2nd period - Slapshot by Brett Leason.
15:23 of 2nd period - Stopped by Petr Mrazek with a rebound.
15:25 of 2nd period - Backhand shot by Dante Fabbro.
15:25 of 2nd period - Stopped by Petr Mrazek without a rebound.
15:26 of 2nd period - Ross Colton wins face-off versus Tyson Foerster in Arizona Coyotes zone.
15:26 of 2nd period - Ross Colton is hit by Artem Zub.
15:32 of 2nd period - Artem Zub is hit by Zach Parise and loses puck.
15:39 of 2nd period - Snap shot by Ross Colton.
15:39 of 2nd period - Shot Misses the Net.
15:41 of 2nd period - Wrist shot by Zach Parise.
15:41 of 2nd period - Deflect By Thomas Novak.
15:41 of 2nd period - Stopped by Anthony Stolarz without a rebound.
15:42 of 2nd period - Mark Jankowski wins face-off versus Colton Sissons in Nashville Predators zone.
15:56 of 2nd period - Brayden McNabb is hit by Pius Suter and loses puck.
16:14 of 2nd period - Backhand shot by Ross Colton.
16:14 of 2nd period - Stopped by Anthony Stolarz with a rebound.
16:16 of 2nd period - Snap shot by Ross Colton.
16:16 of 2nd period - Stopped by Anthony Stolarz without a rebound.
16:17 of 2nd period - Thomas Novak wins face-off versus Charlie Coyle in Nashville Predators zone.
16:17 of 2nd period - Thomas Novak is hit by Jared Spurgeon.
16:33 of 2nd period - Jared Spurgeon is hit by Tyson Foerster and loses puck.
16:58 of 2nd period - Parker Wotherspoon is hit by Erik Haula and loses puck.
17:17 of 2nd period - Slapshot by Max Pacioretty.
17:17 of 2nd period - Stopped by Petr Mrazek without a rebound.
17:18 of 2nd period - Charlie Coyle wins face-off versus Colton Sissons in Arizona Coyotes zone.
17:37 of 2nd period - Wrist shot by Max Pacioretty.
17:37 of 2nd period - Shot Blocked by Mats Zuccarello.
19:45 of 2nd period - Slapshot by Max Pacioretty.
19:45 of 2nd period - Shot Blocked by Brayden McNabb.
Goals for this period are 0 for Nashville Predators vs 0 for Arizona Coyotes.
Shots for this period are 9 for Nashville Predators vs 7 for Arizona Coyotes.
3rd period
0:01 of 3rd period - Charlie Coyle wins face-off versus Thomas Novak in neutral zone.
0:04 of 3rd period - Snap shot by Mats Zuccarello.
0:04 of 3rd period - Shot Hit the Post.
0:10 of 3rd period - Wrist shot by Leo Carlsson.
0:10 of 3rd period - Shot Misses the Net.
0:32 of 3rd period - Snap shot by Erik Haula.
0:32 of 3rd period - Stopped by Anthony Stolarz with a rebound.
0:34 of 3rd period - Snap shot by Erik Haula.
0:34 of 3rd period - Stopped by Anthony Stolarz with a rebound.
0:36 of 3rd period - Snap shot by Brandon Tanev.
0:36 of 3rd period - Shot Blocked by Brett Leason.
1:10 of 3rd period - Max Pacioretty is hit by Radko Gudas and loses puck.
1:53 of 3rd period - Snap shot by Colton Sissons.
1:53 of 3rd period - Stopped by Petr Mrazek with a rebound.
1:55 of 3rd period - Slapshot by Simon Benoit.
1:55 of 3rd period - Stopped by Petr Mrazek without a rebound.
1:56 of 3rd period - Charlie Coyle wins face-off versus Thomas Novak in Arizona Coyotes zone.
2:30 of 3rd period - Snap shot by Erik Haula.
2:30 of 3rd period - Shot Misses the Net.
3:13 of 3rd period - Snap shot by Leo Carlsson.
3:13 of 3rd period - Stopped by Petr Mrazek with a rebound.
3:15 of 3rd period - Slapshot by Parker Wotherspoon.
3:15 of 3rd period - Stopped by Petr Mrazek with a rebound.
3:17 of 3rd period - Slapshot by Parker Wotherspoon.
3:17 of 3rd period - Shot Hit the Post.
3:45 of 3rd period - Slapshot by Max Pacioretty.
3:45 of 3rd period - Shot Misses the Net.
3:47 of 3rd period - Wrist shot by Max Pacioretty.
3:47 of 3rd period - Stopped by Petr Mrazek with a rebound.
3:49 of 3rd period - Slapshot by Pius Suter.
3:49 of 3rd period - Deflect By Max Pacioretty.
3:49 of 3rd period - Shot Misses the Net.
3:49 of 3rd period - Puck is out of play.
3:50 of 3rd period - Charlie Coyle wins face-off versus Thomas Novak in Arizona Coyotes zone.
3:54 of 3rd period - Icing by Brayden McNabb.
3:55 of 3rd period - Thomas Novak wins face-off versus Charlie Coyle in Arizona Coyotes zone.
4:00 of 3rd period - Snap shot by Leo Carlsson.
4:00 of 3rd period - Stopped by Petr Mrazek without a rebound.
4:01 of 3rd period - Charlie Coyle wins face-off versus Thomas Novak in Arizona Coyotes zone.
4:24 of 3rd period - Icing by Tyler Seguin.
4:25 of 3rd period - Ryan Johansen wins face-off versus Brandon Tanev in Arizona Coyotes zone.
4:32 of 3rd period - Snap shot by Ryan Johansen.
4:32 of 3rd period - Stopped by Petr Mrazek without a rebound.
4:33 of 3rd period - Charlie Coyle wins face-off versus Ryan Johansen in Arizona Coyotes zone.
4:33 of 3rd period - Charlie Coyle is hit by Zach Benson.
4:47 of 3rd period - Wrist shot by Charlie Coyle.
4:47 of 3rd period - Stopped by Anthony Stolarz without a rebound.
4:48 of 3rd period - Mason McTavish wins face-off versus Thomas Novak in Nashville Predators zone.
4:49 of 3rd period - Wrist shot by Erik Haula.
4:49 of 3rd period - Goal by Erik Haula - Nashville Predators : 1 - Arizona Coyotes : 1.
4:50 of 3rd period - Brandon Tanev wins face-off versus Thomas Novak in neutral zone.
4:53 of 3rd period - Slapshot by Erik Haula.
4:53 of 3rd period - Stopped by Anthony Stolarz without a rebound.
4:54 of 3rd period - Thomas Novak wins face-off versus Mason McTavish in Nashville Predators zone.
4:54 of 3rd period - Thomas Novak is hit by Mason McTavish.
5:10 of 3rd period - Off-side.
5:11 of 3rd period - Charlie Coyle wins face-off versus Ryan Johansen in neutral zone.
5:22 of 3rd period - Off-side.
5:23 of 3rd period - Thomas Novak wins face-off versus Charlie Coyle in neutral zone.
6:43 of 3rd period - Snap shot by Thomas Novak.
6:43 of 3rd period - Shot Misses the Net.
6:45 of 3rd period - Wrist shot by Thomas Novak.
6:45 of 3rd period - Shot Blocked by Mark Jankowski.
6:51 of 3rd period - Wrist shot by Thomas Novak.
6:51 of 3rd period - Shot Blocked by Jani Hakanpaa.
6:53 of 3rd period - Slapshot by Jordan Harris.
6:53 of 3rd period - Stopped by Petr Mrazek with a rebound.
6:55 of 3rd period - Snap shot by Tyson Foerster.
6:55 of 3rd period - Stopped by Petr Mrazek with a rebound.
6:57 of 3rd period - Wrist shot by Thomas Novak.
6:57 of 3rd period - Stopped by Petr Mrazek with a rebound.
7:11 of 3rd period - Wrist shot by Tyson Foerster.
7:11 of 3rd period - Stopped by Petr Mrazek with a rebound.
7:31 of 3rd period - Ondrej Palat is hit by Tyson Foerster and loses puck.
7:51 of 3rd period - Snap shot by Ondrej Palat.
7:51 of 3rd period - Goal by Ondrej Palat - Nashville Predators : 1 - Arizona Coyotes : 2.
7:52 of 3rd period - Brett Leason wins face-off versus Charlie Coyle in neutral zone.
8:01 of 3rd period - Snap shot by Zach Benson.
8:01 of 3rd period - Deflect By Ryan Johansen.
8:01 of 3rd period - Shot Misses the Net.
8:01 of 3rd period - Puck is out of play.
8:02 of 3rd period - Mats Zuccarello wins face-off versus Ryan Johansen in Arizona Coyotes zone.
8:28 of 3rd period - Snap shot by Zach Benson.
8:28 of 3rd period - Stopped by Petr Mrazek without a rebound.
8:29 of 3rd period - Jack Drury wins face-off versus Mason McTavish in Arizona Coyotes zone.
8:29 of 3rd period - Matt Dumba beats up Simon Benoit.
8:29 of 3rd period - Penalty to Matt Dumba for Fighting.
8:29 of 3rd period - Penalty to Simon Benoit for Fighting.
8:30 of 3rd period - Ryan Johansen wins face-off versus Mason McTavish in Arizona Coyotes zone.
8:39 of 3rd period - Slapshot by Brayden McNabb.
8:39 of 3rd period - Stopped by Anthony Stolarz with a rebound.
8:41 of 3rd period - Snap shot by Mason McTavish.
8:41 of 3rd period - Shot Misses the Net.
8:43 of 3rd period - Slapshot by Brandon Tanev.
8:43 of 3rd period - Shot Blocked by Artem Zub.
8:45 of 3rd period - Slapshot by Brayden McNabb.
8:45 of 3rd period - Shot Blocked by Ryan Johansen.
9:00 of 3rd period - Slapshot by Zemgus Girgensons.
9:00 of 3rd period - Stopped by Petr Mrazek without a rebound.
9:01 of 3rd period - Jack Drury wins face-off versus Charlie Coyle in Arizona Coyotes zone.
9:08 of 3rd period - Wrist shot by Mats Zuccarello.
9:08 of 3rd period - Stopped by Anthony Stolarz without a rebound.
9:09 of 3rd period - Ryan Johansen wins face-off versus Charlie Coyle in Nashville Predators zone.
9:20 of 3rd period - Backhand shot by Charlie Coyle.
9:20 of 3rd period - Shot Misses the Net.
9:22 of 3rd period - Wrist shot by Tyler Seguin.
9:22 of 3rd period - Stopped by Anthony Stolarz with a rebound.
9:42 of 3rd period - Wrist shot by Charlie Coyle.
9:42 of 3rd period - Shot Misses the Net.
9:44 of 3rd period - Snap shot by Charlie Coyle.
9:44 of 3rd period - Stopped by Anthony Stolarz with a rebound.
9:46 of 3rd period - Snap shot by Charlie Coyle.
9:46 of 3rd period - Stopped by Anthony Stolarz with a rebound.
9:48 of 3rd period - Wrist shot by Tyler Seguin.
9:48 of 3rd period - Shot Misses the Net.
9:50 of 3rd period - Snap shot by Charlie Coyle.
9:50 of 3rd period - Shot Misses the Net.
9:52 of 3rd period - Slapshot by Anthony Deangelo.
9:52 of 3rd period - Shot Misses the Net.
9:54 of 3rd period - Slapshot by Anthony Deangelo.
9:54 of 3rd period - Stopped by Anthony Stolarz with a rebound.
9:56 of 3rd period - Slapshot by Radko Gudas.
9:56 of 3rd period - Shot Blocked by Jordan Harris.
10:30 of 3rd period - Snap shot by Charlie Coyle.
10:30 of 3rd period - Shot Misses the Net.
10:32 of 3rd period - Snap shot by Radko Gudas.
10:32 of 3rd period - Stopped by Anthony Stolarz with a rebound.
10:38 of 3rd period - Slapshot by Tyler Seguin.
10:38 of 3rd period - Shot Misses the Net.
10:40 of 3rd period - Slapshot by Anthony Deangelo.
10:40 of 3rd period - Stopped by Anthony Stolarz with a rebound.
10:42 of 3rd period - Snap shot by Mats Zuccarello.
10:42 of 3rd period - Goal by Mats Zuccarello - Nashville Predators : 1 - Arizona Coyotes : 3.
10:43 of 3rd period - Jack Drury wins face-off versus Mason McTavish in neutral zone.
11:10 of 3rd period - Leo Carlsson is hit by Zach Parise and loses puck.
11:29 of 3rd period - Snap shot by Mark Jankowski.
11:29 of 3rd period - Shot Misses the Net.
11:31 of 3rd period - Wrist shot by Jakob Silfverberg.
11:31 of 3rd period - Shot Misses the Net.
11:37 of 3rd period - Wrist shot by Colton Sissons.
11:37 of 3rd period - Stopped by Petr Mrazek with a rebound.
11:39 of 3rd period - Snap shot by Colton Sissons.
11:39 of 3rd period - Stopped by Petr Mrazek without a rebound.
11:40 of 3rd period - Jack Drury wins face-off versus Mason McTavish in Arizona Coyotes zone.
11:51 of 3rd period - Jack Drury is hit by Erik Haula and loses puck.
12:06 of 3rd period - Radko Gudas is hit by Tyson Foerster and loses puck.
12:17 of 3rd period - Wrist shot by Leo Carlsson.
12:17 of 3rd period - Shot Misses the Net.
12:19 of 3rd period - Snap shot by Leo Carlsson.
12:19 of 3rd period - Shot Misses the Net.
13:09 of 3rd period - Thomas Novak is hit by Erik Haula and loses puck.
13:59 of 3rd period - Ryan Donato is hit by Mattias Samuelsson and loses puck.
14:13 of 3rd period - Matt Dumba is hit by Brett Leason and loses puck.
14:22 of 3rd period - Brandon Tanev is hit by Brett Leason and loses puck.
14:33 of 3rd period - Thomas Novak is hit by Charlie Coyle.
14:41 of 3rd period - Wrist shot by Leo Carlsson.
14:41 of 3rd period - Shot Hit the Post.
14:43 of 3rd period - Slapshot by Leo Carlsson.
14:43 of 3rd period - Shot Misses the Net.
15:00 of 3rd period - Jakob Silfverberg is hit by Colton Sissons and loses puck.
15:04 of 3rd period - Icing by Mark Jankowski.
15:05 of 3rd period - Jack Drury wins face-off versus Jakob Silfverberg in Arizona Coyotes zone.
15:14 of 3rd period - Snap shot by Jack Drury.
15:14 of 3rd period - Stopped by Petr Mrazek with a rebound.
15:16 of 3rd period - Wrist shot by Zemgus Girgensons.
15:16 of 3rd period - Stopped by Petr Mrazek with a rebound.
15:18 of 3rd period - Slapshot by Simon Benoit.
15:18 of 3rd period - Stopped by Petr Mrazek without a rebound.
15:19 of 3rd period - Ross Colton wins face-off versus Ryan Johansen in Arizona Coyotes zone.
15:33 of 3rd period - Wrist shot by Ross Colton.
15:33 of 3rd period - Goal by Ross Colton - Nashville Predators : 1 - Arizona Coyotes : 4.
15:34 of 3rd period - Mason McTavish wins face-off versus Zemgus Girgensons in neutral zone.
16:05 of 3rd period - Off-side.
16:06 of 3rd period - Ryan Johansen wins face-off versus Charlie Coyle in neutral zone.
16:09 of 3rd period - Tyler Seguin is hit by Ryan Johansen and loses puck.
16:15 of 3rd period - Off-side.
16:16 of 3rd period - Mason McTavish wins face-off versus Jack Drury in neutral zone.
16:49 of 3rd period - Wrist shot by Charlie Coyle.
16:49 of 3rd period - Shot Misses the Net.
17:24 of 3rd period - Zach Benson is hit by Mark Jankowski and loses puck.
17:50 of 3rd period - Tyler Seguin is hit by Jack Drury.
18:14 of 3rd period - Wrist shot by Colton Sissons.
18:14 of 3rd period - Shot Misses the Net.
18:43 of 3rd period - Icing by Thomas Novak.
18:44 of 3rd period - Mark Jankowski wins face-off versus Thomas Novak in Nashville Predators zone.
18:55 of 3rd period - Slapshot by Charlie Coyle.
18:55 of 3rd period - Deflect By Mats Zuccarello.
18:55 of 3rd period - Shot Misses the Net.
18:55 of 3rd period - Puck is out of play.
18:56 of 3rd period - Charlie Coyle wins face-off versus Jack Drury in Nashville Predators zone.
18:59 of 3rd period - Wrist shot by Mats Zuccarello.
18:59 of 3rd period - Shot Misses the Net.
19:40 of 3rd period - Slapshot by Anthony Deangelo.
19:40 of 3rd period - Shot Blocked by Ryan Johansen.
19:42 of 3rd period - Slapshot by Ross Colton.
19:42 of 3rd period - Shot Misses the Net.
19:44 of 3rd period - Slapshot by Matt Dumba.
19:44 of 3rd period - Stopped by Anthony Stolarz with a rebound.
Goals for this period are 0 for Nashville Predators vs 4 for Arizona Coyotes.
Shots for this period are 18 for Nashville Predators vs 17 for Arizona Coyotes.
Back to the Top